 Dungeon Crawl Stone Soup version 0.25.1-1-g288607f (webtiles) character file.

Game seed: 15893970289412261029

116668 robertstho the Sharpshooter (level 17, -5/111 HPs)
             Began as a Kobold Hunter on July 28, 2020.
             Was a High Priest of Okawaru.
             Killed by divine providence
             ... invoked by an orc priest
              (11 damage)
             ... on level 2 of the Orcish Mines.
             The game lasted 01:12:15 (37485 turns).

robertstho the Sharpshooter (Kobold Hunter)        Turns: 37485, Time: 01:12:15

Health: -5/111     AC: 31    Str: 12    XL:     17   Next: 27%
Magic:  25/25      EV:  9    Int: 14    God:    Okawaru [*****.]
Gold:   2756       SH:  5    Dex: 26    Spells: 16/16 levels left

rFire    . . .     SeeInvis +   t - +10 hand crossbow "Tofuthet" {vorpal, rElec Dex+3}
rCold    + . .     Gourm    .   (shield restricted)
rNeg     . . .     Faith    .   Z - +9 plate armour of Nywnudox {Int+2 Dex+3 Stlth+}
rPois    .         Spirit   .   Y - +2 helmet {SInv}
rElec    +         Reflect  +   L - +0 cloak
rCorr    .         Harm     .   x - +0 pair of gloves
MR       +....                  w - +1 pair of boots
Stlth    +++.......             z - amulet of reflection
HPRegen  0.28/turn              i - +4 ring of slaying
MPRegen  0.19/turn              p - ring of protection from cold

@: very slightly contaminated
A: small, carnivore
a: Heroism, Finesse, Renounce Religion


You were on level 2 of the Orcish Mines.
You worshipped Okawaru.
Okawaru was extremely pleased with you.
You were completely stuffed.

You visited 4 branches of the dungeon, and saw 24 of its levels.
You also visited: Bailey, Gauntlet and Ice Cave.

You collected 2756 gold pieces.

Inventory:

Hand Weapons
 t - the +10 hand crossbow "Tofuthet" (weapon) {vorpal, rElec Dex+3}
   (You acquired it on level 6 of the Lair of Beasts)

   Any bolt fired from it inflicts extra damage.
   It affects your dexterity (+3).
   It insulates you from electricity.
 S - a +0 trident of flaming
Missiles
 c - 30 bolts (quivered)
 k - 12 atropa-tipped darts
 G - 87 boomerangs
 O - 8 curare-tipped darts
Armour
 w - a +1 pair of boots (worn)
 x - a +0 pair of gloves (worn)
 L - a +0 cloak (worn)
 Q - the +1 ring mail of Pippoes {Harm rN+ Str+3 Int-4, unknown}
   (You found it on level 15 of the Dungeon)

   It affects your strength (+3).
   It affects your intelligence (-4).
   It protects you from negative energy.
   It increases damage dealt and taken.
 R - the +4 ring mail of Divine Salvation {rElec rN+ Int-2}
   (Okawaru gifted it to you on level 6 of the Lair of Beasts)

   It affects your intelligence (-2).
   It insulates you from electricity.
   It protects you from negative energy.
 Y - a +2 helmet of see invisible (worn)
 Z - the +9 plate armour of Nywnudox (worn) {Int+2 Dex+3 Stlth+}
   (You found it on level 13 of the Dungeon)

   It affects your intelligence (+2).
   It affects your dexterity (+3).
   It makes you more stealthy.
Jewellery
 e - an uncursed ring of protection from cold
 i - a +4 ring of slaying (left hand)
 p - a ring of protection from cold (right hand)
 v - an uncursed amulet of guardian spirit
 y - an uncursed ring of stealth
 z - an amulet of reflection (around neck)
 B - a +6 ring of dexterity
 F - an uncursed ring of positive energy
Wands
 a - a wand of iceblast (9)
 D - a wand of polymorph (8)
 M - a wand of disintegration (17)
Scrolls
 b - a scroll of immolation
 d - 5 scrolls of magic mapping
 j - a scroll of silence
 n - 7 scrolls of remove curse
 o - 5 scrolls of fog
 q - 8 scrolls of teleportation
 u - 2 scrolls of enchant weapon
 C - 5 scrolls of enchant armour
 I - a scroll of blinking
 J - 2 scrolls of fear
 T - a scroll of brand weapon
 V - a scroll of holy word
Potions
 g - a potion of berserk rage
 l - 2 potions of haste
 r - a potion of stabbing
 s - a potion of resistance
 A - 2 potions of cancellation
 E - 3 potions of ambrosia
 H - 12 potions of curing
 N - 5 potions of magic
 P - 2 potions of mutation
 U - 2 potions of flight
Miscellaneous
 K - a lightning rod (4/4)
Comestibles
 f - 53 rations
 h - 2 chunks of flesh


   Skills:
 * Level 14.2 Fighting
   Level 1.2 Maces & Flails
 + Level 9.9 Polearms
 * Level 15.6 Crossbows
 + Level 8.0 Throwing
 + Level 8.3 Armour
 + Level 6.0 Dodging
 * Level 14.5 Stealth
 * Level 10.8 Invocations
 + Level 2.1 Evocations


You had 16 spell levels left.
You didn't know any spells.
Your spell library contained the following spells:

 Spells                   Type           Power        Failure   Level  Hunger
 Beastly Appendage        Tmut           #.....       100%        1    ##.....
 Infusion                 Chrm           #...         100%        1    ##.....
 Magic Dart               Conj           #...         100%        1    ##.....
 Shock                    Conj/Air       #...         100%        1    ##.....
 Blink                    Tloc           N/A          100%        2    ###....
 Call Imp                 Summ           #.......     100%        2    ###....
 Slow                     Hex            #.......     100%        2    ###....
 Song of Slaying          Chrm           #.......     100%        2    ###....
 Sticks to Snakes         Tmut           #.......     100%        2    ###....
 Swiftness                Chrm/Air       #.......     100%        2    ###....
 Confusing Touch          Hex            #.......     100%        3    ####...
 Conjure Flame            Conj/Fire      #.......     100%        3    ####...
 Inner Flame              Hex/Fire       #.......     100%        3    ####...
 Mephitic Cloud           Conj/Pois/Air  #.......     100%        3    ####...
 Spectral Weapon          Hex/Chrm       #.......     100%        3    ####...
 Spider Form              Tmut/Pois      #.........   100%        3    ####...
 Static Discharge         Conj/Air       #.......     100%        3    ####...
 Airstrike                Air            #.........   100%        4    #####..
 Cause Fear               Hex            #.........   100%        4    #####..
 Ice Form                 Ice/Tmut       #.......     100%        4    #####..
 Blade Hands              Tmut           #.........   100%        5    ######.
 Lightning Bolt           Conj/Air       #.........   100%        5    ######.
 Silence                  Hex/Air        #.........   100%        5    ######.
 Yara's Violent Unravell  Hex/Tmut       #.........   100%        5    ######.
 Eringya's Noxious Bog    Tmut/Pois      #.........   100%        6    #######
 Discord                  Hex            #.........   100%        8    #######


Dungeon Overview and Level Annotations

Branches:
Dungeon (15/15)            Temple (1/1) D:4            Lair (6/6) D:10
  Swamp (0/4) Lair:4        Snake (0/4) Lair:2        Slime (0/5) Lair:5
    Orc (2/2) D:12         Vaults (0/5) D:14         Depths (0/5) D:15
 Bailey (visited)           IceCv (visited)         Gauntlet (visited)
    Elf: Orc:2

Altars:
Ashenzari
Cheibriados
Dithmenos
Elyvilon
Fedhas
Gozag
Hepliaklqana
Kikubaaqudgha
Makhleb
Nemelex Xobeh
Okawaru
Qazlal
Ru
Sif Muna
Trog
Uskayaw
Vehumet
Wu Jian
Xom
Yredelemnul
Zin
The Shining One
Beogh
Jiyva

Portals:
Hell: Lair:6

Annotations:
D:2 2 transporters
D:5 1 runed translucent door, hawla's ghost, novice DrAr
D:8 3 runed translucent doors, luxidream's ghost, novice VSTm
Lair:2 exclusion: oklob plant
Lair:4 exclusion: oklob plant


Innate Abilities, Weirdness & Mutations

You are small and have problems with some larger weapons.
You are carnivorous and can eat meat at any time.


Message History

Press: ? - help, Dir - move target cursor You are very lightly contaminated with residual magic.
As you read the scroll of blinking, it crumbles to dust.
An orc, an orc priest, 2 orc wizards and an ogre come into view.
The orc priest shouts!
The orc wizard mumbles some strange words.
The orc wizard flickers and vanishes for a moment.
The orc knight roars a battlecry!
An orc wizard comes into view. It is wielding a +0 dagger.
You block the orc warrior's attack.
The soul eater draws from the surrounding life force!
* * * LOW HITPOINT WARNING * * *
You hear a shout!
Okay, then.
Blink to where?
Press: ? - help, Dir - move target cursor
As you read the scroll of blinking, it crumbles to dust.
The orc priest invokes the aid of Beogh against you.
Beogh smites you!
You die...

#.#.....o.§#
#.§o...##(.##
#.....###o(.#
#......#oo..#
#..oo.o.(..o# (.o
#o.o.o(#)...# ###.(.
#o.((o.....## ..(o.
##.(....[..oo# .(..
##...(...@.(.##
.(######...(.)...).o#
(.........).......o##
..................o##
....o...............#
o..................##
.o3.................##
..)o....#............#
oo.o................##


You could see an orc high priest (wandering), 2 orc warriors, 5 orc priests, 6
orc wizards and 4 orcs.

Vanquished Creatures
  Jorgrun (Orc:1)
  A frost giant (IceCv)
  A minotaur (Gauntlet)
  2 dire elephants
  An ettin (D:15)
  A death ooze (Gauntlet)
  Harold (D:11)
  3 hydras
  A vault guard (D:14)
  A rakshasa (D:13)
  4 ogre magi
  Erica (D:11)
  5 centaur warriors
  11 two-headed ogres
  2 death knights
  4 death yaks
  2 tengu warriors
  A sun demon (Lair:6)
  A fire crab (Lair:6)
  A deep troll (D:15)
  2 unseen horrors (D:14)
  2 wizards
  An orc knight (Bailey)
  8 ugly things
  3 orc sorcerers (Orc:2)
  A manticore (D:13)
  22 elephants
  3 cyclopes
  11 black mambas
  2 gargoyles
  An ice statue (IceCv)
  A molten gargoyle (D:14)
  A smoke demon (Lair:6)
  3 orange demons (Lair:6)
  8 spiny frogs
  5 komodo dragons
  5 rime drakes
  An ice devil (Lair:6)
  A red devil (Lair:6)
  2 freezing wraiths
  15 polar bears
  A queen bee (Lair:3)
  A hornet (D:10)
  4 trolls
  A meliai zombie (D:10)
  8 slime creatures (D:13)
  13 blink frogs
  9 hippogriffs
  4 dream sheep
  9 flying skulls (Gauntlet)
  A spriggan (Lair:2)
  A spriggan (shapeshifter) (D:14)
  3 vampires
  4 wraiths
  52 yaks
  3 wyverns
  Sigmund (D:3)
  3 shadows
  9 humans (D:14)
  Grum (D:9)
  2 basilisks (Lair:6)
  A hungry ghost (D:12)
  A steam dragon (Lair:4)
  A warg (Orc:1)
  An acid dragon (Lair:4)
  5 hell hounds (Lair:6)
  11 water moccasins
  Duvessa (D:5)
  7 porcupines
  14 orc warriors
  An eye of draining (D:14)
  5 ice beasts
  8 sky beasts
  2 swamp drakes (Lair:4)
  2 necrophages
  A phantom (D:14)
  12 ogres
  29 wolves
  9 centaurs
  13 crocodiles
  3 big kobolds
  19 bullfrogs
  An elf skeleton (D:13)
  Dowan (D:5)
  7 scorpions
  29 killer bees
  8 howler monkeys
  3 wights
  A troll skeleton (D:13)
  An electric eel (Lair:3)
  10 crimson imps
  2 centaur zombies
  4 bullfrog zombies
  A lava snake (D:14)
  A quasit (D:10)
  19 orc priests
  5 hounds
  A bullfrog skeleton (D:4)
  A gnoll shaman (D:4)
  4 jellies
  6 centaur skeletons
  9 iguanas
  18 orc wizards
  3 human zombies (D:13)
  9 worker ants
  A killer bee zombie (D:6)
  A bullfrog simulacrum (D:9)
  An ogre skeleton (D:13)
  A mummy (D:13)
  A worker ant zombie (D:10)
  28 gnolls
  A howler monkey skeleton (D:8)
  14 adders
  2 shadow imps
  14 white imps
  An ooze (D:1)
  2 adder zombies
  An adder skeleton (D:4)
  4 worms
  3 dart slugs
  8 leopard geckos
  69 orcs
  2 ball pythons (D:1)
  5 giant cockroaches
  12 goblins
  16 hobgoblins
  15 jackals
  32 kobolds
  5 quokkas
  4 bats (D:1)
  5 frilled lizards
  A jackal zombie (D:5)
  A leopard gecko skeleton (D:7)
  9 rats
  A plant (D:1)
823 creatures vanquished.

Vanquished Creatures (others)
  A vault guard (D:14)
  A wizard (D:5)
  A polar bear (IceCv)
  A yak (IceCv)
  A human (D:14)
  A wolf (IceCv)
  An orc wizard (Orc:2)
  An adder (D:4)
  2 orcs (D:4)
  A frilled lizard (D:4)
  55 fungi
  16 plants
82 creatures vanquished.

Grand Total: 905 creatures vanquished

Notes
Turn   | Place    | Note
-------+----------+-------------------------------------------
     0 | D:1      | robertstho the Kobold Hunter began the quest for the Orb.
     0 | D:1      | Reached XP level 1. HP: 12/12 MP: 1/1
   189 | D:1      | Reached skill level 5 in Crossbows
   216 | D:1      | Reached XP level 2. HP: 18/18 MP: 2/2
   336 | D:1      | Reached XP level 3. HP: 22/22 MP: 3/3
   926 | D:1      | Reached XP level 4. HP: 27/27 MP: 4/4
  1033 | D:1      | Reached skill level 6 in Crossbows
  1245 | D:2      | Found a white marble altar of Elyvilon.
  1761 | D:2      | Found a glowing golden altar of the Shining One.
  1763 | D:2      | Found a transporter.
  1775 | D:2      | Found a transporter.
  1786 | D:2      | Noticed a centaur
  2300 | D:3      | Reached XP level 5. HP: 29/31 MP: 5/5
  2350 | D:3      | Noticed Sigmund
  2573 | D:3      | Reached skill level 1 in Throwing
  2738 | D:3      | Killed Sigmund
  2738 | D:3      | Reached skill level 7 in Crossbows
  2738 | D:3      | Reached XP level 6. HP: 17/37 MP: 2/6
  3138 | D:4      | Reached skill level 1 in Armour
  3216 | D:4      | Reached XP level 7. HP: 41/41 MP: 7/7
  3264 | D:4      | Found a staircase to the Ecumenical Temple.
  3274 | Temple   | Entered the Ecumenical Temple
  3353 | D:4      | Reached skill level 8 in Crossbows
  3584 | D:5      | Entered Level 5 of the Dungeon
  3824 | D:5      | Reached XP level 8. HP: 48/48 MP: 8/8
  3853 | D:5      | Noticed Duvessa
  3855 | D:5      | Noticed Dowan
  3872 | D:5      | Killed Duvessa
  3891 | D:5      | HP: 2/48 [something/shard of ice (10)]
  3900 | D:5      | Killed Dowan
  3900 | D:5      | Reached skill level 5 in Stealth
  4019 | D:5      | Reached skill level 1 in Maces & Flails
  4170 | D:5      | Found a runed translucent door.
  4173 | D:5      | Noticed hawla's ghost (novice DrAr)
  4265 | D:5      | Found a bloodstained altar of Trog.
  4266 | D:5      | Noticed a wizard
  4272 | D:5      | Killed a wizard
  5151 | D:4      | Found a shimmering altar of Xom.
  5599 | D:6      | Reached skill level 1 in Polearms
  5601 | D:6      | Reached skill level 9 in Crossbows
  5639 | D:6      | Reached XP level 9. HP: 52/52 MP: 9/9
  5902 | D:6      | Reached skill level 5 in Fighting
  6102 | D:6      | Found a blossoming altar of Fedhas.
  6606 | D:7      | Reached skill level 10 in Crossbows
  6951 | D:8      | Noticed a hippogriff
  6956 | D:8      | Killed a hippogriff
  7248 | D:8      | Reached XP level 10. HP: 61/61 MP: 10/10
  7567 | D:8      | Found a runed translucent gate.
  7569 | D:8      | Noticed a kobold demonologist
  7569 | D:8      | Noticed luxidream's ghost (novice VSTm)
  7570 | D:8      | Identified the cursed +3 short sword of Hepliaklqana's
                  | Favour {elec, SInv}
  7571 | D:8      | Found a runed translucent gate.
  7571 | D:8      | Found a runed translucent gate.
  7766 | D:6      | Found an iron altar of Okawaru.
  7776 | D:6      | Became a worshipper of Warmaster Okawaru
  7851 | D:9      | Reached skill level 5 in Throwing
  7879 | D:9      | Reached skill level 1 in Invocations
  8254 | D:9      | Reached * piety under Okawaru
  8647 | D:9      | Reached skill level 11 in Crossbows
  8957 | D:9      | Noticed Grum
  9137 | D:9      | Killed Grum
  9166 | D:9      | Got a crude rapier
  9166 | D:9      | Identified the +0 rapier of Amorality {vorpal, Stlth+} (You
                  | found it on level 9 of the Dungeon)
  9858 | D:9      | Reached XP level 11. HP: 61/67 MP: 13/13
  9891 | D:9      | You fall into a shaft and drop 2 floors!
  9898 | D:10     | Entered Level 10 of the Dungeon
  9898 | D:10     | Noticed a death yak
  9898 | D:10     | Noticed a death yak
  9910 | D:10     | Found a staircase to the Lair.
  9986 | D:10     | Noticed a death yak
 10050 | D:10     | HP: 5/100 [adder zombie (2)]
 10387 | D:10     | Found a flagged portal.
 10400 | D:10     | Killed a death yak
 10400 | D:10     | Reached ** piety under Okawaru
 10430 | Bailey   | Entered a bailey
 10747 | Bailey   | Noticed an orc knight
 10776 | Bailey   | Killed an orc knight
 11633 | D:10     | Killed a death yak
 11634 | D:10     | Killed a death yak
 11634 | D:10     | Reached *** piety under Okawaru
 11634 | D:10     | Reached skill level 5 in Invocations
 12390 | D:11     | Found a snail-covered altar of Cheibriados.
 12433 | D:11     | Reached skill level 5 in Polearms
 12455 | D:11     | Received a gift from Okawaru
 12675 | D:11     | Noticed a white ugly thing
 12695 | D:11     | Killed a white ugly thing
 12695 | D:11     | Reached XP level 12. HP: 44/75 MP: 6/16
 12927 | D:11     | Reached **** piety under Okawaru
 12989 | D:11     | Noticed Harold
 13022 | D:11     | Killed Harold
 13022 | D:11     | Reached skill level 12 in Crossbows
 13153 | D:11     | Noticed Erica
 13165 | D:11     | Killed Erica
 13472 | D:11     | Noticed a tengu warrior
 13487 | D:11     | Killed a tengu warrior
 13487 | D:11     | Reached skill level 10 in Stealth
 13635 | D:12     | Found a staircase to the Orcish Mines.
 13701 | D:11     | Reached ***** piety under Okawaru
 13701 | D:11     | Reached skill level 5 in Armour
 14461 | D:12     | Received a gift from Okawaru
 15103 | D:12     | Received a gift from Okawaru
 15182 | D:12     | Found a glowing golden altar of the Shining One.
 15621 | D:13     | Noticed a centaur warrior
 16208 | D:13     | Reached skill level 10 in Fighting
 16216 | D:13     | Killed a centaur warrior
 16313 | D:13     | Got a dazzling plate armour
 16417 | D:12     | Identified the +9 plate armour of Nywnudox {Int+2 Dex+3
                  | Stlth+} (You found it on level 13 of the Dungeon)
 16582 | D:9      | Reached XP level 13. HP: 82/82 MP: 17/17
 16932 | D:9      | Noticed a centaur warrior
 17302 | D:9      | Reached skill level 13 in Crossbows
 17499 | D:9      | Killed a centaur warrior
 17867 | D:13     | Noticed a rakshasa
 17902 | D:13     | Killed a rakshasa
 18048 | D:13     | Found an ancient bone altar of Kikubaaqudgha.
 18060 | D:13     | Received a gift from Okawaru
 18246 | D:14     | Noticed a centaur warrior
 18246 | D:14     | Noticed a centaur warrior
 18263 | D:14     | Killed a centaur warrior
 18781 | D:14     | Received a gift from Okawaru
 18800 | D:14     | Killed a vault guard
 18827 | D:14     | HP: 1/84 [red ugly thing (16)]
 19146 | D:14     | Reached skill level 5 in Dodging
 19146 | D:14     | Reached skill level 1 in Evocations
 19146 | D:14     | Reached XP level 14. HP: 90/90 MP: 19/19
 19406 | D:14     | HP: 2/90 [centaur warrior/arrow (9)]
 19955 | D:13     | Received a gift from Okawaru
 20225 | D:13     | Received a gift from Okawaru
 20361 | Lair:1   | Entered Level 1 of the Lair of Beasts
 21357 | Lair:2   | Found a staircase to the Snake Pit.
 21696 | Lair:2   | Found a gate leading to a gauntlet.
 21728 | Gauntlet | Entered a Gauntlet
 21728 | Gauntlet | Found a transporter.
 21735 | Gauntlet | Found a transporter.
 21737 | Gauntlet | Found a transporter.
 21748 | Gauntlet | Found a transporter.
 21752 | Gauntlet | Found a transporter.
 21758 | Gauntlet | Found a transporter.
 21772 | Gauntlet | Found a transporter.
 21776 | Gauntlet | Found a runed translucent door.
 21783 | Gauntlet | Found a transporter.
 21785 | Gauntlet | Noticed a reaper
 21793 | Gauntlet | Found a runed translucent door.
 21793 | Gauntlet | Found a runed translucent door.
 21798 | Gauntlet | Found a transporter.
 21798 | Gauntlet | Found a transporter.
 21801 | Gauntlet | Found a transporter.
 21825 | Gauntlet | Found a runed translucent door.
 21826 | Gauntlet | Found a transporter.
 21826 | Gauntlet | Found a transporter.
 21827 | Gauntlet | Found a runed translucent door.
 21881 | Gauntlet | Found a transporter.
 21970 | Gauntlet | Paralysed by a wizard for 7 turns
 22268 | Gauntlet | Got a scintillating silver amulet
 22314 | Gauntlet | Reached skill level 14 in Crossbows
 22377 | Gauntlet | Reached XP level 15. HP: 55/96 MP: 14/21
 22576 | Gauntlet | Identified the Grimoire of Enchantment and Contamination
 22580 | Gauntlet | Identified the Grimoire of Talismans
 24109 | Lair:2   | Identified the amulet of Weviuzxo {Inacc *Corrode rF+ rN+
                  | Int+3} (You found it in a Gauntlet)
 26047 | Lair:4   | Found a staircase to the Swamp.
 26190 | Lair:4   | Received a gift from Okawaru
 27095 | Lair:5   | Received a gift from Okawaru
 27397 | Lair:5   | Found a viscous altar of Jiyva.
 27400 | Lair:5   | Found a staircase to the Slime Pits.
 28143 | Lair:6   | Entered Level 6 of the Lair of Beasts
 28705 | Lair:6   | Identified a scroll of acquirement
 28706 | Lair:6   | Acquired the +10 hand crossbow "Tofuthet" {vorpal, rElec
                  | Dex+3}
 28969 | Lair:6   | Received a gift from Okawaru
 28972 | Lair:6   | Identified the +4 ring mail of Divine Salvation {rElec rN+
                  | Int-2} (Okawaru gifted it to you on level 6 of the Lair of
                  | Beasts)
 29248 | Lair:6   | Reached XP level 16. HP: 103/103 MP: 23/23
 29515 | Lair:6   | Found a burning altar of Makhleb.
 30030 | Lair:6   | Found a gateway to Hell.
 30674 | Orc:1    | Entered Level 1 of the Orcish Mines
 31010 | Orc:1    | Noticed Jorgrun
 31031 | Orc:1    | Killed Jorgrun
 31031 | Orc:1    | Reached skill level 15 in Crossbows
 31031 | Orc:1    | Reached skill level 10 in Invocations
 31359 | Orc:1    | Found a roughly hewn altar of Beogh.
 31694 | Orc:2    | Entered Level 2 of the Orcish Mines
 32278 | D:15     | Entered Level 15 of the Dungeon
 32287 | D:15     | Found a frozen archway.
 32395 | IceCv    | Entered an ice cave
 34518 | IceCv    | Noticed a frost giant
 34556 | IceCv    | Killed a frost giant
 35053 | D:15     | Received a gift from Okawaru
 35061 | D:15     | Got a heavily runed ring mail
 35574 | D:14     | Received a gift from Okawaru
 35602 | D:14     | Found a gate to the Vaults.
 35991 | D:14     | Reached XP level 17. HP: 47/111 MP: 22/25
 36000 | D:14     | Received a gift from Okawaru
 36447 | D:14     | Found a glowing silver altar of Zin.
 37015 | D:15     | Received a gift from Okawaru
 37144 | D:15     | Found a staircase to the Depths.
 37485 | Orc:2    | Killed from afar by an orc priest

Illustrated notes

Levels and vault maps discovered:
D:1:      sevenhm_arrival_forest_fort_large_1, layout_basic,
          minmay_shallow_snake_nest
D:2:      layout_basic, lemuel_doored_altar, gammafunk_temple_overflow_arena
D:3:      layout_loops_cross, uniq_sigmund
D:4:      layout_layer_cave, minmay_temple_entry_glass, serial_park_tiny_1,
          xom_confusion_cloud
D:5:      layout_loops_ring, ebering_ghost_reflecting_pool, first_ration,
          nrook_pool_corridor, trog_wizard, uniq_duvessa
D:6:      layout_rooms, nicolae_overflow_hidden_temple,
          hangedman_minor_gate_pass
D:7:      layout_cave_pools
D:8:      layout_cave_pools, gammafunk_ghost_nasty_kobolds, serial_glass,
          glass_columns_a, glass_columns_a, glass_columns_b, glass_columns_c,
          glass_columns_a, glass_columns_a, minmay_strange_pillars,
          item_on_display_a, feat_on_display
D:9:      minmay_shrinking_squares, layout_cross, uniq_grum
D:10:     layout_cave_pods, dpeg_lair_monsters, enter_bailey_3
D:11:     layout_rooms, grunt_tengu_nest, minmay_misc_feat_pillars,
          cheibriados_altar_1, uniq_harold, uniq_erica
D:12:     layout_irregular_city, orc_david_3, tso_altar
D:13:     layout_gridville, lemuel_mausoleum_altar_kikubaaqudgha
D:14:     layout_loops_corners, ximxim_vaults_locker_room,
          kennysheep_flooded_box
D:15:     hangedman_depths_entry_civil_slaughter, layout_basic,
          portal_ice_cave_entry_imps, moated_statue
Temple:   nicolae_temple_no_exploring_needed
Lair:1:   layout_regular_city, fungi_pond_lemuel, grunt_forest_stairs_basic,
          grunt_megastairs_2
Lair:2:   mu_elephants_graveyard, layout_misc_corridors, gauntlet_entry_generic,
          st_stairs_4
Lair:3:   layout_long_grid, special_room [special_room_bee],
          serial_bayou_shore_a
Lair:4:   layout_misc_corridors, minmay_swamp_entry_reptiles,
          guppyfry_lair_drakes, minmay_lair_oklob_chamber
Lair:5:   layout_hall_layers, slime_altar_1, grunt_megastairs_4
Lair:6:   evil_forest, layout_regular_city, small_statue_intersection,
          columned_hall_lemuel
Orc:1:    layout_caves, nicolae_orc_pool_cavern, minmay_orc_temple_a,
          uniq_jorgrun
Orc:2:    st_orc_mages, layout_caves

Skill      XL: |  1  2  3  4  5  6  7  8  9 10 11 12 13 14 15 16 17 |
---------------+----------------------------------------------------+-----
Crossbows      | 5 6 7 8 9 10 11 12 13 14 15 | 15.6
Stealth        | 2 3 4 5 6 8 9 10 11 12 13 14 | 14.5
Throwing       | 2 4 5 6 7 8 |  8.0
Fighting       | 3 4 6 7 8 10 11 12 14 | 14.2
Armour         | 1 2 4 5 6 7 8 |  8.3
Dodging        | 3 4 5 6 |  6.0
Maces & Flails | 1 |  1.2
Polearms       | 1 2 3 5 6 7 8 9 |  9.9
Invocations    | 3 5 6 7 8 9 10 | 10.8
Evocations     | 1 2 |  2.1

Action                   |  1- 3 |  4- 6 |  7- 9 | 10-12 | 13-15 | 16-18 || total
-------------------------+-------+-------+-------+-------+-------+-------++-------
Melee: Short sword       |   104 |       |       |       |       |       ||   104
       Whip              |       |     1 |    19 |       |       |       ||    20
       Spear             |       |       |    64 |   518 |       |       ||   582
       Punch             |       |       |       |     4 |       |       ||     4
       Trident           |       |       |       |    71 |   969 |   700 ||  1740
       Hand crossbow     |       |       |       |       |     1 |       ||     1
 Fire: Hand crossbow     |    75 |    65 |   158 |   272 |   383 |   270 ||  1223
Throw: Boomerang         |       |    42 |    93 |    71 |    95 |       ||   301
       Dart              |       |       |       |       |    63 |    13 ||    76
Invok: Heroism           |       |       |       |    11 |    24 |    11 ||    46
       Finesse           |       |       |       |       |     6 |     3 ||     9
Evoke: Wand              |       |       |       |     5 |     1 |     3 ||     9
       Phantom mirror    |       |       |       |       |     1 |     2 ||     3
       Lightning rod     |       |       |       |       |     1 |     1 ||     2
  Use: Scroll            |       |     5 |       |    16 |    23 |     5 ||    49
       Potion            |       |     1 |     1 |     6 |     6 |     8 ||    22
 Stab: Sleeping          |       |       |     8 |     5 |    11 |       ||    24
       Confused          |       |       |       |     2 |     4 |       ||     6
       Distracted        |       |       |       |     1 |     5 |     4 ||    10
       Invisible         |       |       |       |       |     6 |       ||     6
  Eat: Chunk             |     9 |     6 |    13 |    40 |    40 |    26 ||   134
Armor: Leather armour    |     9 |     6 |    29 |       |       |       ||    44
       Chain mail        |       |       |    35 |   482 |       |       ||   517
       Plate armour      |       |       |       |       |   736 |   507 ||  1243
       Quicksilver drago |       |       |       |       |   114 |       ||   114
Dodge: Dodged            |    32 |    39 |    86 |   277 |   564 |   318 ||  1316
Block: Other             |       |       |       |       |     2 |   164 ||   166
       Reflection        |       |       |       |       |       |     4 ||     4
